 Dungeon Crawl Stone Soup version 0.22-a0-136-g83a10e5 (webtiles) character file.

2738 MatthieuS the Magician (level 9, 0/111 HPs)
             Began as a Gnoll Wanderer on Feb 3, 2018.
             Was a Priest of Cheibriados.
             Succumbed to RedSky's ghost's poison
             ... on level 7 of the Dungeon.
             The game lasted 00:24:15 (8140 turns).

MatthieuS the Magician (Gnoll Wanderer)             Turns: 8140, Time: 00:24:15

Health: 0/111      AC: 24    Str: 21    XL:     9   Next: 67%
Magic:  2/17       EV:  2    Int: 27    God:    Cheibriados [***...]
Gold:   410        SH:  0    Dex: 20    Spells: 17/21 levels left

rFire    . . .     SeeInvis .   a - +0 rapier
rCold    . . .     Gourm    .   (no shield)
rNeg     + + +     Faith    .   (armour currently unavailable)
rPois    +         Spirit   .   (helmet currently unavailable)
rElec    .         Reflect  .   (cloak currently unavailable)
rCorr    .         Harm     .   (gloves currently unavailable)
MR       +....     NoTele   +   (boots currently unavailable)
Stlth    +++.......             (no amulet)
HPRegen  0.28/turn              (no ring)
MPRegen  0.15/turn              (no ring)

@: lethally poisoned (0 -> -21), tree-form, very slow
A: distributed training, low mp 1, magic resistance 1, robust 1, strong nose
a: Bend Time, Temporal Distortion, Renounce Religion


You were on level 7 of the Dungeon.
You worshipped Cheibriados.
Cheibriados was most pleased with you.
You were not hungry.
You were a tree.
You visited 1 branch of the dungeon, and saw 7 of its levels.

You collected 410 gold pieces.

Inventory:

Hand Weapons
 a - a +0 rapier (weapon)
 w - a +0 hunting sling
Missiles
 g - 35 sling bullets
 A - a throwing net (quivered)
Armour
 d - a +2 pair of gloves (melded)
 p - a +0 leather armour (melded)
 r - a +0 helmet (melded)
Jewellery
 v - an uncursed amulet of rage {unknown}
Wands
 b - a wand of polymorph (11)
 k - a wand of flame (66)
 n - a wand of enslavement (11)
 q - a wand of acid (18)
Scrolls
 l - 5 scrolls of remove curse
 o - 2 scrolls of blinking {unknown}
 t - 5 scrolls of identify {unknown}
 u - a scroll of immolation {unknown}
 x - a scroll of enchant weapon {unknown}
 y - a scroll of vulnerability {unknown}
 C - a scroll of enchant armour {unknown}
Potions
 c - a potion of haste
 j - 2 potions of flight
 D - a potion of berserk rage {unknown}
Miscellaneous
 h - a phial of floods
Comestibles
 f - 10 rations


   Skills:
 + Level 5.1 Fighting
 + Level 4.4 Short Blades
 + Level 4.4 Long Blades
 + Level 4.4 Axes
 + Level 4.4 Maces & Flails
 + Level 4.4 Polearms
 + Level 4.4 Staves
 + Level 4.4 Slings
 + Level 4.4 Bows
 + Level 4.4 Crossbows
 + Level 4.4 Throwing
 + Level 6.4 Armour
 + Level 4.4 Dodging
 + Level 5.0 Stealth
 + Level 4.4 Shields
 + Level 4.4 Unarmed Combat
 + Level 6.7 Spellcasting
 + Level 3.6 Conjurations
 + Level 3.6 Hexes
 + Level 3.6 Charms
 + Level 3.6 Summonings
 + Level 3.6 Necromancy
 + Level 3.6 Translocations
 + Level 3.6 Transmutations
 + Level 3.6 Fire Magic
 + Level 3.6 Ice Magic
 + Level 3.6 Air Magic
 + Level 6.6 Earth Magic
 + Level 3.6 Poison Magic
 + Level 4.8 Invocations
 + Level 5.1 Evocations


You had 17 spell levels left.
You knew the following spells:

 Your Spells              Type           Power        Failure   Level  Hunger
a - Sandblast             Erth           #####.       1%          1    None
b - Stone Arrow           Conj/Erth      #####.       2%          3    None


Dungeon Overview and Level Annotations

Branches:
Dungeon (7/15)
 Temple: D:4-7

Altars:
Cheibriados
Fedhas
Gozag
Hepliaklqana
Kikubaaqudgha
Qazlal
Ru
Sif Muna
Uskayaw
Vehumet
Xom
Zin

Shops:
D:7 *

Annotations:
D:4 1 runed door
D:7 RedSky's ghost, novice DsNe


Innate Abilities, Weirdness & Mutations

Your experience applies equally to all skills.
((You have very sharp teeth.))
Your uncanny sense of smell can sniff out nearby items.
((You are partially covered in icy blue scales. (AC +2)))
Your magical capacity is low. (-10% MP)
You are resistant to hostile enchantments. (MR+)
You are robust. (+10% HP)


Message History

You feel sick.
RedSky's ghost hits you but does no damage.
You are more poisoned.
The shadow imp gestures at you. Pain shoots through your body!
* * * LOW HITPOINT WARNING * * *
It was a potion of lignification.
You turn into a tree.
Your +0 helmet melds into your body.
Your +2 pair of gloves melds into your body.
Your +0 leather armour melds into your body.
Your roots penetrate the ground.
* * * LOW HITPOINT WARNING * * *
You feel sick.
RedSky's ghost hits you but does no damage.
The shadow imp hits you but does no damage.
It was a potion of mutation.
You feel extremely strange.
You feel robust.
You feel less energetic.
Icy blue scales grow over part of your body.
You feel resistant to hostile enchantments.
You die...

#....................###.#
#....#...#...#...#....##.#
#..#.#...#.#...#[#...##.###### #
#.#.).#...#...#...#.....#.....
####...................##).#.####
.......#...#...#...#....#..#.....
####..#.#...#.#...#.#......).....
##.#...#...#..5#...#.#......##.
...............♣W............###
......#...#)..#...#....##.#..###
#.....#.#...#.#...#.#..###.#.....
#....#...#...#...#...#.# #.##....
#......................###+######
#.......#########....####...##
#....... #.#..###.....## ##.##<##
#######..#.......##
#...#.########>.#(.#...........##


You could see RedSky's ghost and a shadow imp.

Vanquished Creatures
  Grinder (D:4)
  A wyvern (D:6)
  Edmund (D:5)
  2 water moccasins (D:7)
  An orc warrior (D:7)
  3 ogres (D:4)
  A centaur (D:6)
  2 big kobolds (D:7)
  2 bullfrogs (D:7)
  A water moccasin zombie (D:5)
  A scorpion (D:5)
  A wight (D:7)
  A crimson imp (D:5)
  2 hounds
  9 orc priests
  A jelly (D:7)
  9 orc wizards
  2 bullfrog skeletons (D:4)
  4 iguanas
  Natasha (thrice) (D:4)
  A quokka (D:4)
  A worker ant (D:7)
  A hound skeleton (D:7)
  A hound zombie (D:4)
  2 howler monkey zombies
  A worker ant zombie (D:5)
  3 gnolls (D:6)
  12 adders
  2 shadow imps
  2 worms
  2 dart slugs
  6 leopard geckos
  17 orcs
  6 giant cockroaches
  6 goblins
  9 hobgoblins
  4 jackals
  2 ball pythons
  6 bats
  7 frilled lizards
  A jackal skeleton (D:5)
  9 kobolds
  A leopard gecko skeleton (D:4)
  5 rats
155 creatures vanquished.

Vanquished Creatures (others)
  An ogre (D:4)
1 creature vanquished.

Grand Total: 156 creatures vanquished

Notes
Turn   | Place    | Note
-------+----------+-------------------------------------------
     0 | D:1      | MatthieuS the Gnoll Wanderer began the quest for the Orb.
     0 | D:1      | MatthieuS set off with: a phial of floods, the Grimoire of the Mountains, the Papyrus of Stones, a +0 robe, a +0 club, a ration
     0 | D:1      | Reached XP level 1. HP: 17/17 MP: 6/6
     0 | D:1      | Noticed a human
     0 | D:1      | Identified the Grimoire of the Mountains
     0 | D:1      | Identified the Papyrus of Stones
     2 | D:1      | Learned a level 1 spell: Sandblast
     3 | D:1      | Noticed an elf
     5 | D:1      | Noticed a vine stalker
     7 | D:1      | Noticed a vampire
     8 | D:1      | Noticed a gargoyle
    10 | D:1      | Noticed an octopode
    13 | D:1      | Noticed a formicid
    13 | D:1      | Noticed a centaur
    15 | D:1      | Noticed a centaur
    15 | D:1      | Noticed an elf
    16 | D:1      | Noticed a dwarf
    17 | D:1      | Noticed a vampire
    17 | D:1      | Noticed a formicid
    19 | D:1      | Noticed a dwarf
    21 | D:1      | Noticed a spriggan
    24 | D:1      | Noticed an elf
   549 | D:1      | Reached XP level 2. HP: 23/23 MP: 7/7
  1360 | D:2      | Reached XP level 3. HP: 27/28 MP: 7/9
  1364 | D:2      | Reached skill level 5 in Spellcasting
  1408 | D:2      | Found a shimmering altar of Xom.
  1408 | D:2      | Found a shimmering altar of Xom.
  1413 | D:2      | Found a shimmering altar of Xom.
  1415 | D:2      | Reached skill level 1 in Invocations
  1417 | D:2      | Found a shimmering altar of Xom.
  1417 | D:2      | Found a shimmering altar of Xom.
  1418 | D:2      | Found a shimmering altar of Xom.
  1426 | D:2      | You fall through a shaft!
  1435 | D:3      | Reached skill level 1 in Short Blades
  1435 | D:3      | Reached skill level 1 in Long Blades
  1435 | D:3      | Reached skill level 1 in Axes
  1435 | D:3      | Reached skill level 1 in Maces & Flails
  1435 | D:3      | Reached skill level 1 in Polearms
  1435 | D:3      | Reached skill level 1 in Staves
  1435 | D:3      | Reached skill level 1 in Slings
  1435 | D:3      | Reached skill level 1 in Bows
  1435 | D:3      | Reached skill level 1 in Crossbows
  1435 | D:3      | Reached skill level 1 in Throwing
  1435 | D:3      | Reached skill level 1 in Dodging
  1435 | D:3      | Reached skill level 1 in Shields
  1435 | D:3      | Reached skill level 1 in Unarmed Combat
  1435 | D:3      | Reached XP level 4. HP: 23/34 MP: 8/11
  1604 | D:3      | Learned a level 3 spell: Stone Arrow
  1631 | D:3      | Reached skill level 1 in Conjurations
  1631 | D:3      | Reached skill level 1 in Hexes
  1631 | D:3      | Reached skill level 1 in Charms
  1631 | D:3      | Reached skill level 1 in Summonings
  1631 | D:3      | Reached skill level 1 in Necromancy
  1631 | D:3      | Reached skill level 1 in Translocations
  1631 | D:3      | Reached skill level 1 in Transmutations
  1631 | D:3      | Reached skill level 1 in Fire Magic
  1631 | D:3      | Reached skill level 1 in Ice Magic
  1631 | D:3      | Reached skill level 1 in Air Magic
  1631 | D:3      | Reached skill level 1 in Poison Magic
  1633 | D:3      | Reached XP level 5. HP: 38/40 MP: 5/12
  1724 | D:3      | Found an ancient bone altar of Kikubaaqudgha.
  1975 | D:2      | Found a hazy altar of Hepliaklqana.
  1975 | D:2      | Found an opulent altar of Gozag.
  1977 | D:2      | Found a radiant altar of Vehumet.
  2068 | D:2      | Found a stormy altar of Qazlal.
  2786 | D:3      | Found a snail-covered altar of Cheibriados.
  2792 | D:3      | Became a worshipper of Cheibriados the Contemplative
  3036 | D:4      | Found a glowing silver altar of Zin.
  3044 | D:4      | Reached XP level 6. HP: 47/47 MP: 2/13
  3149 | D:4      | Found a blossoming altar of Fedhas.
  3291 | D:4      | Reached skill level 5 in Armour
  3787 | D:4      | Reached XP level 7. HP: 52/52 MP: 2/15
  3899 | D:4      | Reached * piety under Cheibriados
  4178 | D:4      | Noticed Grinder
  4183 | D:4      | Paralysed by Grinder for 6 turns
  4195 | D:4      | Killed Grinder
  4195 | D:4      | Reached XP level 8. HP: 31/60 MP: 5/16
  4567 | D:4      | Noticed Natasha
  4574 | D:4      | Killed Natasha
  4684 | D:4      | Noticed Natasha
  4689 | D:4      | Killed Natasha
  4800 | D:4      | Found a runed door.
  4882 | D:4      | Noticed Natasha
  4885 | D:4      | Killed Natasha
  5148 | D:5      | Entered Level 5 of the Dungeon
  5563 | D:5      | Reached ** piety under Cheibriados
  6211 | D:5      | Noticed Edmund
  6223 | D:5      | Killed Edmund
  6223 | D:5      | Reached XP level 9. HP: 51/66 MP: 0/18
  6739 | D:6      | Found a sacrificial altar of Ru.
  7185 | D:7      | Found a hide-covered altar of Uskayaw.
  7324 | D:7      | Reached *** piety under Cheibriados
  7438 | D:7      | Reached skill level 5 in Fighting
  7438 | D:7      | Reached skill level 5 in Evocations
  7635 | D:7      | Found a deep blue altar of Sif Muna.
  7669 | D:7      | Found Tuuscheat's Serpentskin Sales.
  7680 | D:7      | Reached skill level 5 in Stealth
  8112 | D:7      | Noticed RedSky's ghost (novice DsNe)
  8138 | D:7      | HP: 2/68 [shadow imp/nerve-wracking pain (12)]
  8140 | D:7      | Gained mutation: You are robust. (+10% HP) [potion of mutation]
  8140 | D:7      | Gained mutation: Your magical capacity is low. (-10% MP) [potion of mutation]
  8140 | D:7      | Gained mutation: You are partially covered in icy blue scales. (AC +2) [potion of mutation]
  8140 | D:7      | Gained mutation: You are resistant to hostile enchantments. (MR+) [potion of mutation]
  8140 | D:7      | Succumbed to RedSky's ghost's poison

Vault maps used:
D:1:      shiori_arrival_whats_in_store_for_you
D:2:      grunt_qazlal_sundering, xom_redecorated, grunt_temple_overflow_open,
          grunt_ministairs_1, minmay_tromino_v4_a
D:3:      lemuel_crystal_altar, lemuel_round_altar, st_stairs_2,
          minmay_quantized
D:4:      nicolae_overflow_hidden_temple, kennysheep_mini_moat, first_ration,
          uniq_grinder, uniq_crazy_yiuf_cottage, uniq_natasha
D:5:      uniq_edmund, uniq_blork_the_orc
D:6:      old_standard_altar
D:7:      cheibrodos_fzero, overflow_temple_1_default, kennysheep_mini,
          minmay_temple_entry_nine_rooms, grunt_livestock, supply_closet_lemuel,
          guppyfry_shop_venom

Skill      XL: |  1  2  3  4  5  6  7  8  9 |
---------------+----------------------------+-----
Spellcasting   | 5 6 |  6.7
Invocations    | 1 2 3 4 |  4.8
Short Blades   | 1 2 3 4 |  4.4
Long Blades    | 1 2 3 4 |  4.4
Axes           | 1 2 3 4 |  4.4
Maces & Flails | 1 2 3 4 |  4.4
Polearms       | 1 2 3 4 |  4.4
Staves         | 1 2 3 4 |  4.4
Slings         | 1 2 3 4 |  4.4
Bows           | 1 2 3 4 |  4.4
Crossbows      | 1 2 3 4 |  4.4
Throwing       | 1 2 3 4 |  4.4
Dodging        | 1 2 3 4 |  4.4
Shields        | 1 2 3 4 |  4.4
Unarmed Combat | 1 2 3 4 |  4.4
Conjurations   | 1 2 3 |  3.6
Hexes          | 1 2 3 |  3.6
Charms         | 1 2 3 |  3.6
Summonings     | 1 2 3 |  3.6
Necromancy     | 1 2 3 |  3.6
Translocations | 1 2 3 |  3.6
Transmutations | 1 2 3 |  3.6
Fire Magic     | 1 2 3 |  3.6
Ice Magic      | 1 2 3 |  3.6
Air Magic      | 1 2 3 |  3.6
Poison Magic   | 1 2 3 |  3.6
Fighting       | 3 4 5 |  5.1
Evocations     | 3 4 5 |  5.1
Stealth        | 3 4 5 |  5.0
Armour         | 5 6 |  6.4
Earth Magic    | 6 |  6.6

Action                   |  1- 3 |  4- 6 |  7- 9 || total
-------------------------+-------+-------+-------++-------
Melee: Whip              |    12 |       |       ||    12
       Short sword       |    59 |       |       ||    59
       Club              |     3 |       |       ||     3
       Bite              |     5 |     6 |    11 ||    22
       Rapier            |     5 |    80 |    76 ||   161
       Punch             |       |       |     1 ||     1
 Cast: Sandblast         |     7 |    44 |   105 ||   156
       Stone Arrow       |       |     9 |    71 ||    80
Invok: Bend Time         |       |       |     1 ||     1
Evoke: Wand              |       |       |     2 ||     2
  Use: Scroll            |       |       |     3 ||     3
       Potion            |       |       |    12 ||    12
 Stab: Sleeping          |     2 |     4 |       ||     6
  Eat: Chunk             |     2 |     4 |     7 ||    13
       Ration            |       |     1 |       ||     1
Armor: Robe              |    11 |    10 |       ||    21
       Leather armour    |       |    13 |    70 ||    83
       Skin              |       |       |     2 ||     2
Dodge: Dodged            |    37 |    69 |   138 ||   244

Table legend:
 A = Spawn XP
 B = Non-spawn XP
 C = Spawn XP percentage of total XP
 D = Spawn monster count
 E = Non-spawn monster count
 F = Spawn count percentage of total count
 G = Total turns spent on level
                    A         B        C        D         E        F      G
               +---------+---------+-------+---------+---------+-------+---------
         Total |       0 |    3912 |   0.0 |       0 |     155 |   0.0 |  8140
               +---------+---------+-------+---------+---------+-------+---------
           D:1 |       0 |      26 |   0.0 |       0 |      17 |   0.0 |  1178
           D:2 |       0 |     103 |   0.0 |       0 |      24 |   0.0 |  1074
           D:3 |       0 |     158 |   0.0 |       0 |      26 |   0.0 |   784
           D:4 |       0 |    1322 |   0.0 |       0 |      32 |   0.0 |  2112
           D:5 |       0 |     783 |   0.0 |       0 |      26 |   0.0 |  1297
           D:6 |       0 |     434 |   0.0 |       0 |      14 |   0.0 |   705
           D:7 |       0 |    1086 |   0.0 |       0 |      16 |   0.0 |   990
               +---------+---------+-------+---------+---------+-------+---------
